[ PARTIDA AOE2 · #461718069 ]
Team RMBritanos vs Persians
[ ANÁLISIS DE REPETICIÓN · EXTRAÍDO DE LA PARTIDA GRABADA ]
Feudal
11:44
Castillos
19:11
Imperial
33:44
| APM promedio | 12.0 |
| APM pico | 48 |
| eAPM promedio | 8.9 |
| Aldeanos / militares | 131 / 117 |
Foco
⚔️ 24.3% · 🌾 75.7%
Longbowman ×110 · Battering Ram ×6 · Monk ×1
Feudal
12:24
Castillos
16:07
Imperial
31:12
| APM promedio | 23.3 |
| APM pico | 72 |
| eAPM promedio | 13.9 |
| Aldeanos / militares | 133 / 58 |
Foco
⚔️ 21.3% · 🌾 78.7%
Knight ×50 · Trebuchet (Packed) ×5 · Monk ×1 · Mangonel ×1 · Battering Ram ×1
Feudal
13:23
Castillos
17:34
Imperial
—
| APM promedio | 18.3 |
| APM pico | 61 |
| eAPM promedio | 8.1 |
| Aldeanos / militares | 81 / 43 |
Foco
⚔️ 22.3% · 🌾 77.7%
Skirmisher ×28 · Conquistador ×7 · Knight ×6 · Scout Cavalry ×1 · Mangonel ×1
Feudal
11:27
Castillos
16:05
Imperial
33:45
| APM promedio | 35.1 |
| APM pico | 132 |
| eAPM promedio | 20.8 |
| Aldeanos / militares | 105 / 137 |
Foco
⚔️ 32.8% · 🌾 67.2%
Mangudai ×81 · Scout Cavalry ×55 · Trebuchet (Packed) ×1 · Trade Cart ×1
Feudal
12:08
Castillos
16:22
Imperial
33:55
| APM promedio | 21.1 |
| APM pico | 66 |
| eAPM promedio | 12.1 |
| Aldeanos / militares | 94 / 49 |
Foco
⚔️ 23.2% · 🌾 76.8%
Knight ×48 · Scout Cavalry ×1
Feudal
11:05
Castillos
14:44
Imperial
29:53
| APM promedio | 25.3 |
| APM pico | 69 |
| eAPM promedio | 13.9 |
| Aldeanos / militares | 121 / 110 |
Foco
⚔️ 26.1% · 🌾 73.9%
Longbowman ×82 · Militia ×22 · Trebuchet (Packed) ×4 · Petard ×2
Feudal
15:46
Castillos
27:46
Imperial
42:12
| APM promedio | 11.6 |
| APM pico | 45 |
| eAPM promedio | 7.2 |
| Aldeanos / militares | 87 / 57 |
Foco
⚔️ 27.1% · 🌾 72.9%
Genoese Crossbowman ×57 · Trade Cart ×19
Feudal
11:12
Castillos
14:39
Imperial
29:55
| APM promedio | 18.2 |
| APM pico | 46 |
| eAPM promedio | 12.2 |
| Aldeanos / militares | 118 / 122 |
Foco
⚔️ 32.6% · 🌾 67.4%
Knight ×82 · War Elephant ×38 · Trebuchet (Packed) ×2
Mapa de la partida
Recursos iniciales + cada clic de construcción. Líneas = muros · curvas = relieve. ◆ oro · ⬟ piedra · ● bayas · ✦ reliquia · ◌ hueco del cierre
Tu base· ✓ Cerrada en 19:11 · 0t muro · 2 puerta(s)
Base de TheHatefulN8· ✓ Cerrada en 16:07 · 0t muro · 2 puerta(s)
Base de gou.sylvain· ✓ Cerrada en 17:34 · 0t muro · 2 puerta(s)
Base de tobiasblom1997· ✓ Cerrada en 16:05 · 0t muro · 2 puerta(s)
Base de Charles_Martel· ✓ Cerrada en 16:22 · 0t muro · 3 puerta(s)
Base de Rwy n CrazY· ✓ Cerrada en 14:44 · 0t muro · 3 puerta(s)
Base de Aliasing· ✓ Cerrada en 27:46 · 0t muro · 3 puerta(s)
Base de potter· ✓ Cerrada en 14:39 · 0t muro · 3 puerta(s)
Terreno inicial suavizado · ◌ = hueco del cierre detectado · pasá el cursor para detalles
Inputs por minuto
— Frost3106 - - TheHatefulN8
Build order — Frost3106
Primeras 150 de 245 acciones detectadas
| 0:18 | Construir | House |
| 0:21 | Construir | House |
| 0:21 | Crear | Villager (Male) |
| 0:22 | Crear | Villager (Male) |
| 0:22 | Crear | Villager (Male) |
| 0:22 | Crear | Villager (Male) |
| 2:02 | Crear | Villager (Male) |
| 2:28 | Construir | Lumber Camp |
| 2:30 | Crear | Villager (Male) |
| 2:44 | Crear | Villager (Male) |
| 3:12 | Crear | Villager (Male) |
| 3:34 | Crear | Villager (Male) |
| 4:11 | Construir | Mill |
| 4:16 | Crear | Villager (Male) |
| 4:17 | Crear | Villager (Male) |
| 4:41 | Crear | Villager (Male) |
| 4:41 | Crear | Villager (Male) |
| 5:08 | Crear | Villager (Male) |
| 5:13 | Construir | House |
| 5:24 | Investigar | Loom |
| 5:27 | Crear | Villager (Male) |
| 5:34 | Crear | Villager (Male) |
| 5:34 | Crear | Villager (Male) |
| 6:26 | Crear | Villager (Male) |
| 6:26 | Crear | Villager (Male) |
| 6:27 | Crear | Villager (Male) |
| 6:27 | Crear | Villager (Male) |
| 6:54 | Crear | Villager (Male) |
| 7:02 | Construir | House |
| 7:19 | Construir | Lumber Camp |
| 7:27 | Crear | Villager (Male) |
| 7:35 | Construir | House |
| 7:46 | Crear | Villager (Male) |
| 8:26 | Construir | Mining Camp |
| 9:11 | Crear | Villager (Male) |
| 9:12 | Crear | Villager (Male) |
| 9:34 | Investigar | Feudal Age |
| 9:51 | Crear | Villager (Male) |
| 10:47 | Crear | Villager (Male) |
| 10:56 | Construir | Farm |
| 10:57 | Construir | Farm |
| 10:57 | Construir | Farm |
| 10:58 | Construir | Farm |
| 10:58 | Construir | Farm |
| 10:59 | Construir | Farm |
| 11:44 | Edad | Edad Feudal |
| 11:48 | Construir | Market |
| 11:57 | Construir | Blacksmith |
| 12:04 | Crear | Villager (Male) ×5 |
| 12:04 | Crear | Villager (Male) ×3 |
| 12:18 | Construir | Mining Camp |
| 13:19 | Construir | House |
| 13:45 | Investigar | Double-Bit Axe |
| 14:25 | Construir | Farm |
| 14:25 | Construir | Farm |
| 14:26 | Construir | Farm |
| 14:27 | Construir | Farm |
| 14:28 | Construir | Farm |
| 14:28 | Construir | Farm |
| 14:29 | Construir | Farm |
| 14:29 | Construir | Farm |
| 14:30 | Construir | Farm |
| 14:30 | Construir | Farm |
| 14:30 | Construir | Farm |
| 14:33 | Construir | Farm |
| 14:33 | Construir | Farm |
| 14:34 | Construir | Farm |
| 14:34 | Construir | Farm |
| 14:35 | Construir | Farm |
| 14:35 | Construir | Farm |
| 14:37 | Construir | Farm |
| 14:38 | Construir | Farm |
| 14:38 | Construir | Farm |
| 14:38 | Construir | Farm |
| 14:39 | Construir | Farm |
| 14:39 | Construir | Farm |
| 14:39 | Construir | Farm |
| 14:39 | Construir | Farm |
| 14:40 | Construir | Farm |
| 14:41 | Construir | Farm |
| 14:42 | Construir | Farm |
| 14:42 | Construir | Farm |
| 14:43 | Construir | Farm |
| 14:43 | Construir | Farm |
| 14:43 | Construir | Farm |
| 14:44 | Construir | Farm |
| 14:44 | Construir | Farm |
| 14:45 | Construir | Farm |
| 14:45 | Construir | Farm |
| 14:45 | Construir | Farm |
| 14:46 | Construir | Farm |
| 14:46 | Construir | Farm |
| 14:46 | Construir | Farm |
| 14:46 | Construir | Farm |
| 14:47 | Construir | Farm |
| 14:47 | Construir | Farm |
| 14:48 | Construir | Farm |
| 14:48 | Construir | Farm |
| 15:05 | Construir | House |
| 15:41 | Construir | Farm |
| 16:00 | Construir | Farm |
| 16:01 | Construir | Farm |
| 16:02 | Construir | Farm |
| 16:31 | Investigar | Castle Age |
| 18:15 | Investigar | Horse Collar |
| 18:54 | Crear | Villager (Male) ×5 |
| 18:54 | Crear | Villager (Male) ×5 |
| 19:11 | Edad | Edad de los Castillos |
| 19:21 | Construir | Town Center |
| 19:40 | Construir | Town Center |
| 19:55 | Construir | Mining Camp |
| 20:30 | Crear | Villager (Male) ×5 |
| 20:31 | Crear | Villager (Male) ×5 |
| 20:31 | Crear | Villager (Male) ×4 |
| 21:08 | Crear | Villager (Male) |
| 21:08 | Crear | Villager (Male) |
| 21:09 | Crear | Villager (Male) |
| 21:27 | Investigar | Heavy Plow |
| 22:10 | Crear | Villager (Male) ×3 |
| 22:21 | Construir | House |
| 22:23 | Construir | House |
| 22:25 | Construir | House |
| 22:28 | Construir | House |
| 22:29 | Construir | House |
| 22:30 | Construir | House |
| 22:32 | Construir | House |
| 22:33 | Construir | House |
| 22:34 | Construir | House |
| 22:37 | Crear | Villager (Male) |
| 22:38 | Crear | Villager (Male) |
| 22:38 | Crear | Villager (Male) |
| 22:46 | Investigar | Wheelbarrow |
| 22:55 | Crear | Villager (Male) ×4 |
| 23:13 | Construir | Castle |
| 23:20 | Construir | Mining Camp |
| 23:42 | Crear | Villager (Male) ×4 |
| 23:59 | Investigar | Gold Mining |
| 24:12 | Construir | Farm |
| 24:13 | Construir | Farm |
| 24:13 | Construir | Farm |
| 24:13 | Construir | Farm |
| 24:14 | Construir | Farm |
| 24:14 | Construir | Farm |
| 24:15 | Construir | Farm |
| 24:29 | Construir | Mill |
| 24:32 | Construir | Farm |
| 24:48 | Construir | Monastery |
| 25:00 | Crear | Villager (Male) ×5 |
| 25:01 | Crear | Villager (Male) |
| 25:56 | Crear | Longbowman ×5 |
Build order — TheHatefulN8
Primeras 150 de 311 acciones detectadas
| 0:01 | Crear | Villager (Male) |
| 0:01 | Crear | Villager (Male) |
| 0:01 | Crear | Villager (Male) |
| 0:02 | Crear | Villager (Male) |
| 0:02 | Crear | Villager (Male) |
| 0:04 | Construir | House |
| 0:06 | Construir | House |
| 1:39 | Crear | Villager (Male) |
| 1:39 | Crear | Villager (Male) |
| 1:45 | Construir | Lumber Camp |
| 2:07 | Crear | Villager (Male) |
| 2:07 | Crear | Villager (Male) |
| 2:27 | Crear | Villager (Male) |
| 2:52 | Crear | Villager (Male) |
| 3:22 | Crear | Villager (Male) |
| 3:51 | Crear | Villager (Male) |
| 3:56 | Construir | Mill |
| 4:01 | Crear | Villager (Male) |
| 4:01 | Crear | Villager (Male) |
| 4:23 | Construir | House |
| 4:40 | Crear | Villager (Male) |
| 4:45 | Construir | House |
| 4:46 | Construir | House |
| 4:47 | Construir | House |
| 4:57 | Construir | House |
| 5:00 | Crear | Villager (Male) |
| 5:39 | Crear | Villager (Male) |
| 5:40 | Crear | Villager (Male) |
| 5:47 | Construir | House |
| 6:23 | Crear | Villager (Male) |
| 6:25 | Crear | Villager (Male) |
| 6:51 | Crear | Villager (Male) |
| 6:51 | Crear | Villager (Male) |
| 6:58 | Construir | Mining Camp |
| 7:23 | Crear | Villager (Male) |
| 7:23 | Crear | Villager (Male) |
| 7:23 | Crear | Villager (Male) |
| 7:25 | Crear | Villager (Male) |
| 7:35 | Crear | Villager (Male) |
| 7:35 | Crear | Villager (Male) |
| 7:36 | Crear | Villager (Male) |
| 8:40 | Construir | Mining Camp |
| 9:29 | Investigar | Feudal Age |
| 10:16 | Crear | Villager (Male) |
| 10:16 | Crear | Villager (Male) |
| 12:24 | Edad | Edad Feudal |
| 12:31 | Construir | Market |
| 12:36 | Construir | Blacksmith |
| 13:27 | Investigar | Castle Age |
| 13:28 | Crear | Villager (Male) |
| 13:44 | Investigar | Double-Bit Axe |
| 14:24 | Investigar | Horse Collar |
| 14:31 | Construir | Farm |
| 14:31 | Construir | Farm |
| 14:33 | Construir | Farm |
| 14:34 | Construir | Farm |
| 14:35 | Construir | Farm |
| 14:35 | Construir | Farm |
| 14:36 | Construir | Farm |
| 14:37 | Construir | Farm |
| 14:38 | Construir | Farm |
| 14:38 | Construir | Farm |
| 14:55 | Construir | House |
| 14:57 | Construir | House |
| 15:00 | Construir | House |
| 15:06 | Construir | Barracks |
| 15:40 | Construir | House |
| 15:42 | Construir | House |
| 16:07 | Edad | Edad de los Castillos |
| 16:20 | Construir | Castle |
| 16:32 | Crear | Villager (Male) |
| 16:33 | Crear | Villager (Male) |
| 16:33 | Crear | Villager (Male) |
| 16:35 | Investigar | Town Watch |
| 17:07 | Investigar | Loom |
| 17:22 | Investigar | Bow Saw |
| 17:39 | Construir | Lumber Camp |
| 17:45 | Crear | Villager (Male) |
| 17:45 | Crear | Villager (Male) |
| 17:52 | Construir | Town Center |
| 18:17 | Crear | Villager (Male) |
| 18:17 | Crear | Villager (Male) |
| 18:30 | Construir | Town Center |
| 18:36 | Crear | Villager (Male) |
| 18:37 | Crear | Villager (Male) |
| 18:37 | Crear | Villager (Male) |
| 18:44 | Construir | Farm |
| 19:09 | Investigar | Heavy Plow |
| 19:15 | Crear | Villager (Male) |
| 19:15 | Crear | Villager (Male) |
| 19:30 | Construir | Farm |
| 19:37 | Crear | Villager (Male) |
| 19:55 | Crear | Villager (Male) |
| 19:56 | Crear | Villager (Male) |
| 19:59 | Construir | Farm |
| 20:04 | Construir | Farm |
| 20:08 | Crear | Villager (Male) |
| 20:08 | Crear | Villager (Male) |
| 20:23 | Construir | Farm |
| 20:25 | Crear | Villager (Male) |
| 20:26 | Crear | Villager (Male) |
| 20:26 | Crear | Villager (Male) |
| 20:39 | Crear | Villager (Male) |
| 20:39 | Crear | Villager (Male) |
| 20:48 | Construir | Farm |
| 21:02 | Investigar | Gold Mining |
| 21:10 | Construir | Farm |
| 21:15 | Construir | Farm |
| 21:15 | Construir | Farm |
| 21:16 | Construir | Farm |
| 21:17 | Construir | Farm |
| 21:19 | Crear | Villager (Male) |
| 21:19 | Crear | Villager (Male) |
| 21:33 | Crear | Villager (Male) |
| 21:33 | Crear | Villager (Male) |
| 21:33 | Crear | Villager (Male) |
| 21:36 | Construir | Farm |
| 21:47 | Construir | University |
| 21:50 | Construir | Monastery |
| 21:57 | Construir | Siege Workshop |
| 22:00 | Crear | Villager (Male) |
| 22:01 | Crear | Villager (Male) |
| 22:01 | Crear | Villager (Male) |
| 22:05 | Construir | Farm |
| 22:33 | Crear | Villager (Male) |
| 22:33 | Crear | Villager (Male) |
| 22:34 | Crear | Villager (Male) |
| 22:34 | Crear | Villager (Male) |
| 22:34 | Crear | Villager (Male) |
| 22:39 | Construir | Farm |
| 22:44 | Crear | Villager (Male) |
| 22:45 | Crear | Villager (Male) |
| 22:45 | Crear | Villager (Male) |
| 22:49 | Investigar | Ballistics |
| 22:51 | Crear | Villager (Male) |
| 22:51 | Crear | Villager (Male) |
| 23:03 | Construir | Farm |
| 23:08 | Construir | Mining Camp |
| 23:09 | Crear | Villager (Male) |
| 23:10 | Crear | Villager (Male) |
| 23:10 | Crear | Villager (Male) |
| 23:19 | Crear | Monk |
| 23:23 | Crear | Villager (Male) |
| 23:23 | Crear | Villager (Male) |
| 23:30 | Construir | Farm |
| 23:41 | Crear | Villager (Male) |
| 23:41 | Crear | Villager (Male) |
| 23:41 | Crear | Villager (Male) |
| 23:52 | Construir | House |
| 23:53 | Construir | House |
Build order — gou.sylvain
Primeras 150 de 183 acciones detectadas
| 0:02 | Crear | Villager (Male) |
| 0:02 | Crear | Villager (Male) |
| 0:02 | Crear | Villager (Male) |
| 0:02 | Crear | Villager (Male) |
| 0:05 | Construir | House |
| 0:07 | Construir | House |
| 1:45 | Crear | Villager (Male) |
| 1:52 | Construir | Lumber Camp |
| 2:00 | Crear | Villager (Male) |
| 2:20 | Crear | Villager (Male) |
| 2:57 | Crear | Villager (Male) |
| 3:24 | Crear | Villager (Male) |
| 4:02 | Crear | Villager (Male) |
| 4:25 | Construir | House |
| 4:34 | Crear | Villager (Male) |
| 4:34 | Crear | Villager (Male) |
| 4:34 | Crear | Villager (Male) |
| 4:56 | Construir | Mill |
| 5:48 | Crear | Villager (Male) |
| 5:48 | Crear | Villager (Male) |
| 5:48 | Crear | Villager (Male) |
| 5:49 | Crear | Villager (Male) |
| 6:18 | Crear | Villager (Male) |
| 6:50 | Construir | House |
| 7:04 | Construir | Lumber Camp |
| 7:32 | Construir | House |
| 7:41 | Crear | Villager (Male) |
| 7:41 | Crear | Villager (Male) |
| 7:41 | Crear | Villager (Male) |
| 7:42 | Crear | Villager (Male) |
| 7:42 | Crear | Villager (Male) |
| 7:42 | Crear | Villager (Male) |
| 8:32 | Crear | Villager (Male) |
| 8:32 | Crear | Villager (Male) |
| 8:33 | Crear | Villager (Male) |
| 9:17 | Construir | Mill |
| 10:04 | Construir | Mining Camp |
| 10:17 | Construir | Mining Camp |
| 10:30 | Construir | House |
| 10:44 | Investigar | Loom |
| 10:46 | Investigar | Feudal Age |
| 10:48 | Crear | Villager (Male) |
| 10:48 | Crear | Villager (Male) |
| 11:00 | Construir | Barracks |
| 11:47 | Construir | Mining Camp |
| 13:23 | Edad | Edad Feudal |
| 13:26 | Investigar | Horse Collar |
| 13:39 | Construir | Farm |
| 13:40 | Construir | Farm |
| 13:41 | Construir | Farm |
| 13:42 | Construir | Farm |
| 13:43 | Construir | Farm |
| 13:55 | Construir | Blacksmith |
| 14:01 | Construir | Stable |
| 14:25 | Crear | Villager (Male) |
| 14:54 | Investigar | Castle Age |
| 15:20 | Construir | Farm |
| 15:22 | Construir | Farm |
| 15:45 | Investigar | Double-Bit Axe |
| 17:00 | Crear | Scout Cavalry |
| 17:34 | Edad | Edad de los Castillos |
| 17:45 | Construir | Castle |
| 17:57 | Crear | Villager (Male) |
| 17:57 | Crear | Villager (Male) |
| 18:16 | Investigar | Gold Mining |
| 18:21 | Investigar | Heavy Plow |
| 18:29 | Construir | Farm |
| 18:30 | Construir | Farm |
| 18:31 | Construir | Farm |
| 18:33 | Construir | Farm |
| 18:48 | Construir | Farm |
| 18:50 | Construir | Farm |
| 18:53 | Crear | Villager (Male) |
| 18:53 | Crear | Villager (Male) |
| 19:05 | Construir | Mining Camp |
| 19:39 | Investigar | Fletching |
| 19:52 | Construir | University |
| 20:01 | Crear | Conquistador |
| 20:32 | Investigar | Bow Saw |
| 20:44 | Crear | Villager (Male) |
| 21:00 | Crear | Conquistador |
| 21:11 | Crear | Villager (Male) |
| 21:33 | Crear | Conquistador |
| 21:46 | Construir | Farm |
| 21:48 | Crear | Villager (Male) |
| 21:57 | Crear | Villager (Male) |
| 22:01 | Crear | Conquistador |
| 22:16 | Construir | Farm |
| 22:17 | Construir | Farm |
| 22:24 | Construir | Farm |
| 22:28 | Crear | Villager (Male) |
| 22:32 | Crear | Conquistador |
| 22:44 | Construir | Farm |
| 22:57 | Crear | Conquistador |
| 23:01 | Crear | Villager (Male) |
| 23:02 | Crear | Villager (Male) |
| 23:07 | Crear | Villager (Male) |
| 23:29 | Construir | Town Center |
| 23:33 | Crear | Villager (Male) |
| 23:33 | Crear | Villager (Male) |
| 23:40 | Crear | Conquistador |
| 24:24 | Construir | Castle |
| 24:42 | Investigar | Bodkin Arrow |
| 26:42 | Construir | Archery Range |
| 26:57 | Crear | Knight ×5 |
| 27:10 | Investigar | Padded Archer Armor |
| 27:21 | Crear | Skirmisher ×5 |
| 27:38 | Construir | Stone Wall |
| 28:23 | Crear | Villager (Male) |
| 29:12 | Investigar | Stone Mining |
| 29:18 | Crear | Villager (Male) |
| 29:44 | Construir | Town Center |
| 30:04 | Construir | Farm |
| 30:27 | Crear | Villager (Male) |
| 30:28 | Crear | Villager (Male) |
| 30:28 | Crear | Villager (Male) |
| 30:28 | Crear | Villager (Male) |
| 30:42 | Investigar | Stone Shaft Mining |
| 31:38 | Crear | Villager (Male) |
| 31:39 | Crear | Villager (Male) |
| 31:39 | Crear | Villager (Male) |
| 31:39 | Crear | Villager (Male) |
| 31:39 | Crear | Villager (Male) |
| 31:40 | Crear | Villager (Male) |
| 31:42 | Crear | Villager (Male) |
| 31:42 | Crear | Villager (Male) |
| 31:42 | Crear | Villager (Male) |
| 31:49 | Construir | Farm |
| 31:52 | Construir | Farm |
| 32:09 | Construir | Farm |
| 32:16 | Crear | Villager (Male) |
| 32:16 | Crear | Villager (Male) |
| 32:16 | Crear | Villager (Male) |
| 32:27 | Construir | Castle |
| 32:50 | Investigar | Ballistics |
| 33:18 | Construir | Castle |
| 33:48 | Crear | Villager (Male) |
| 33:49 | Crear | Villager (Male) |
| 33:49 | Crear | Villager (Male) |
| 33:49 | Crear | Villager (Male) |
| 33:50 | Crear | Villager (Male) |
| 33:50 | Crear | Villager (Male) |
| 33:57 | Construir | House |
| 34:01 | Construir | House |
| 34:03 | Construir | House |
| 34:04 | Construir | House |
| 34:12 | Investigar | Wheelbarrow |
| 34:27 | Investigar | Murder Holes |
| 34:39 | Construir | Siege Workshop |
| 35:03 | Crear | Mangonel |
Build order — tobiasblom1997
Primeras 150 de 398 acciones detectadas
| 0:01 | Crear | Villager (Male) |
| 0:01 | Crear | Villager (Male) |
| 0:02 | Construir | House |
| 0:04 | Construir | House |
| 0:06 | Crear | Villager (Male) |
| 0:47 | Crear | Villager (Male) |
| 1:38 | Crear | Villager (Male) |
| 2:01 | Construir | Lumber Camp |
| 2:06 | Crear | Villager (Male) |
| 2:10 | Crear | Villager (Male) |
| 2:42 | Crear | Villager (Male) |
| 3:27 | Crear | Villager (Male) |
| 3:48 | Crear | Villager (Male) |
| 3:48 | Crear | Villager (Male) |
| 3:57 | Construir | House |
| 4:41 | Crear | Villager (Male) |
| 4:45 | Construir | Mill |
| 4:47 | Crear | Villager (Male) |
| 4:58 | Construir | House |
| 5:11 | Crear | Villager (Male) |
| 5:11 | Crear | Villager (Male) |
| 5:14 | Crear | Villager (Male) |
| 5:19 | Crear | Villager (Male) |
| 5:19 | Crear | Villager (Male) |
| 5:55 | Construir | Farm |
| 6:14 | Crear | Villager (Male) |
| 6:22 | Construir | Farm |
| 7:25 | Crear | Villager (Male) |
| 7:38 | Investigar | Loom |
| 7:46 | Construir | Farm |
| 8:15 | Crear | Villager (Male) |
| 8:16 | Investigar | Loom |
| 8:16 | Investigar | Feudal Age |
| 8:42 | Construir | Mining Camp |
| 9:09 | Construir | Farm |
| 9:16 | Construir | Farm |
| 9:21 | Construir | Farm |
| 9:50 | Construir | Mining Camp |
| 10:07 | Construir | Farm |
| 11:27 | Edad | Edad Feudal |
| 11:32 | Construir | Blacksmith |
| 11:52 | Construir | Market |
| 11:58 | Crear | Villager (Male) |
| 11:58 | Crear | Villager (Male) |
| 12:07 | Construir | House |
| 13:09 | Crear | Villager (Male) |
| 13:20 | Investigar | Castle Age |
| 13:28 | Construir | Farm |
| 14:10 | Construir | Mill |
| 14:36 | Construir | House |
| 14:41 | Construir | Lumber Camp |
| 15:50 | Investigar | Stone Mining |
| 15:57 | Investigar | Double-Bit Axe |
| 15:57 | Investigar | Double-Bit Axe |
| 16:00 | Investigar | Horse Collar |
| 16:00 | Investigar | Horse Collar |
| 16:05 | Edad | Edad de los Castillos |
| 16:09 | Crear | Villager (Male) |
| 16:09 | Crear | Villager (Male) |
| 16:10 | Crear | Villager (Male) |
| 17:21 | Crear | Villager (Male) |
| 17:26 | Investigar | Bow Saw |
| 17:38 | Construir | Castle |
| 17:41 | Crear | Villager (Male) |
| 17:52 | Crear | Villager (Male) |
| 18:17 | Construir | Town Center |
| 18:58 | Investigar | Fletching |
| 19:06 | Crear | Villager (Male) |
| 19:08 | Construir | Farm |
| 19:25 | Crear | Villager (Male) |
| 19:42 | Crear | Mangudai |
| 19:42 | Crear | Mangudai |
| 19:42 | Crear | Mangudai |
| 19:54 | Investigar | Gold Mining |
| 20:13 | Crear | Mangudai |
| 20:20 | Crear | Villager (Male) |
| 20:20 | Crear | Villager (Male) |
| 20:20 | Crear | Villager (Male) |
| 20:21 | Crear | Villager (Male) |
| 20:22 | Crear | Villager (Male) |
| 20:25 | Construir | Farm |
| 20:31 | Construir | Farm |
| 20:38 | Construir | Farm |
| 20:53 | Crear | Villager (Male) |
| 21:16 | Crear | Villager (Male) |
| 21:43 | Crear | Mangudai |
| 21:43 | Crear | Mangudai |
| 21:46 | Crear | Villager (Male) |
| 22:02 | Construir | Town Center |
| 22:04 | Crear | Villager (Male) |
| 22:25 | Crear | Mangudai |
| 22:28 | Crear | Villager (Male) |
| 22:29 | Crear | Villager (Male) |
| 22:29 | Crear | Villager (Male) |
| 22:29 | Crear | Villager (Male) |
| 22:59 | Crear | Villager (Male) |
| 23:00 | Crear | Villager (Male) |
| 23:01 | Crear | Mangudai |
| 23:07 | Crear | Mangudai |
| 23:07 | Crear | Mangudai |
| 23:10 | Construir | Farm |
| 23:13 | Construir | Farm |
| 23:18 | Construir | Farm |
| 23:20 | Construir | Farm |
| 23:23 | Construir | Farm |
| 23:27 | Crear | Villager (Male) |
| 23:28 | Crear | Villager (Male) |
| 23:32 | Construir | Farm |
| 23:37 | Construir | Farm |
| 23:40 | Crear | Villager (Male) |
| 23:44 | Construir | Farm |
| 23:47 | Construir | Farm |
| 23:52 | Construir | Farm |
| 24:05 | Construir | Farm |
| 24:14 | Construir | Lumber Camp |
| 24:29 | Investigar | Padded Archer Armor |
| 24:58 | Investigar | Bodkin Arrow |
| 25:32 | Crear | Villager (Male) |
| 25:33 | Crear | Villager (Male) |
| 25:33 | Crear | Villager (Male) |
| 25:36 | Construir | House |
| 25:37 | Construir | House |
| 25:38 | Construir | House |
| 25:39 | Construir | House |
| 25:55 | Crear | Villager (Male) |
| 25:57 | Construir | Farm |
| 25:57 | Construir | Farm |
| 26:30 | Crear | Villager (Male) |
| 26:35 | Construir | Farm |
| 26:38 | Crear | Villager (Male) |
| 26:39 | Crear | Villager (Male) |
| 26:40 | Crear | Villager (Male) |
| 26:50 | Crear | Mangudai |
| 26:50 | Crear | Mangudai |
| 27:01 | Investigar | Leather Archer Armor |
| 27:08 | Construir | Farm |
| 27:08 | Construir | Farm |
| 27:08 | Construir | Farm |
| 27:10 | Crear | Villager (Male) |
| 27:11 | Crear | Villager (Male) |
| 27:12 | Crear | Villager (Male) |
| 27:14 | Investigar | Wheelbarrow |
| 28:06 | Crear | Mangudai |
| 28:07 | Crear | Mangudai |
| 29:00 | Construir | University |
| 29:04 | Crear | Villager (Male) |
| 29:10 | Construir | Farm |
| 29:12 | Construir | Farm |
| 29:15 | Construir | Farm |
| 29:20 | Construir | Farm |
Build order — Charles_Martel
Primeras 150 de 235 acciones detectadas
| 0:02 | Crear | Villager (Male) |
| 0:02 | Crear | Villager (Male) |
| 0:02 | Crear | Villager (Male) |
| 0:04 | Construir | House |
| 0:06 | Construir | House |
| 0:32 | Crear | Villager (Male) |
| 1:37 | Crear | Villager (Male) |
| 2:17 | Construir | Lumber Camp |
| 2:26 | Crear | Villager (Male) |
| 2:27 | Crear | Villager (Male) |
| 3:08 | Crear | Villager (Male) |
| 3:22 | Crear | Villager (Male) |
| 4:18 | Crear | Villager (Male) |
| 4:39 | Crear | Villager (Male) |
| 4:47 | Construir | House |
| 4:53 | Investigar | Loom |
| 5:06 | Crear | Villager (Male) |
| 5:23 | Construir | House |
| 5:44 | Crear | Villager (Male) |
| 5:58 | Crear | Villager (Male) |
| 6:46 | Construir | Mill |
| 7:03 | Crear | Villager (Male) |
| 7:03 | Crear | Villager (Male) |
| 7:04 | Crear | Villager (Male) |
| 7:04 | Crear | Villager (Male) |
| 7:50 | Crear | Villager (Male) |
| 8:11 | Construir | Mill |
| 8:39 | Crear | Villager (Male) |
| 8:40 | Crear | Villager (Male) |
| 8:41 | Crear | Villager (Male) |
| 9:50 | Investigar | Feudal Age |
| 10:20 | Construir | Mining Camp |
| 10:44 | Crear | Villager (Male) |
| 10:44 | Crear | Villager (Male) |
| 11:15 | Crear | Villager (Male) |
| 11:16 | Crear | Villager (Male) |
| 12:05 | Construir | Farm |
| 12:06 | Construir | Farm |
| 12:08 | Construir | Farm |
| 12:08 | Edad | Edad Feudal |
| 12:09 | Construir | Farm |
| 12:11 | Investigar | Double-Bit Axe |
| 12:24 | Construir | Blacksmith |
| 12:53 | Construir | Market |
| 13:42 | Investigar | Castle Age |
| 13:52 | Construir | Lumber Camp |
| 14:19 | Construir | Lumber Camp |
| 14:57 | Construir | Barracks |
| 15:36 | Crear | Villager (Male) |
| 15:36 | Crear | Villager (Male) |
| 15:46 | Construir | Farm |
| 15:49 | Investigar | Horse Collar |
| 16:00 | Construir | Stable |
| 16:20 | Construir | Stable |
| 16:22 | Edad | Edad de los Castillos |
| 16:27 | Crear | Villager (Male) |
| 16:27 | Crear | Villager (Male) |
| 16:45 | Crear | Knight |
| 16:45 | Crear | Knight |
| 17:18 | Crear | Knight |
| 17:30 | Construir | Farm |
| 17:32 | Construir | Farm |
| 17:33 | Construir | Farm |
| 17:43 | Construir | Mill |
| 17:47 | Construir | Farm |
| 17:48 | Construir | Farm |
| 17:50 | Construir | Farm |
| 17:55 | Crear | Villager (Male) |
| 17:56 | Crear | Villager (Male) |
| 18:06 | Crear | Villager (Male) |
| 18:10 | Crear | Knight |
| 18:22 | Construir | House |
| 18:41 | Construir | House |
| 18:43 | Construir | House |
| 18:44 | Construir | House |
| 19:01 | Investigar | Wheelbarrow |
| 19:27 | Construir | Town Center |
| 19:35 | Crear | Villager (Male) |
| 19:36 | Crear | Villager (Male) |
| 19:53 | Construir | House |
| 20:02 | Construir | Stone Wall |
| 20:17 | Crear | Villager (Male) |
| 20:18 | Crear | Villager (Male) |
| 20:37 | Crear | Scout Cavalry |
| 20:40 | Crear | Knight |
| 20:47 | Construir | Town Center |
| 21:07 | Crear | Villager (Male) |
| 21:08 | Crear | Villager (Male) |
| 21:37 | Construir | Farm |
| 21:38 | Construir | Farm |
| 21:39 | Construir | Farm |
| 21:45 | Investigar | Bloodlines |
| 21:56 | Crear | Villager (Male) |
| 21:57 | Crear | Villager (Male) |
| 22:09 | Crear | Knight |
| 22:09 | Crear | Knight |
| 22:22 | Investigar | Heavy Plow |
| 22:37 | Crear | Villager (Male) |
| 22:37 | Crear | Villager (Male) |
| 22:42 | Construir | Farm |
| 22:56 | Construir | Farm |
| 22:59 | Investigar | Scale Barding Armor |
| 23:09 | Crear | Knight |
| 23:09 | Crear | Knight |
| 23:27 | Construir | House |
| 23:29 | Construir | House |
| 23:33 | Crear | Villager (Male) |
| 23:33 | Crear | Villager (Male) |
| 23:46 | Construir | House |
| 24:05 | Crear | Knight |
| 24:05 | Crear | Knight |
| 24:22 | Crear | Villager (Male) |
| 24:22 | Crear | Villager (Male) |
| 24:23 | Crear | Villager (Male) |
| 24:23 | Crear | Villager (Male) |
| 24:32 | Construir | Farm |
| 24:35 | Construir | Farm |
| 24:40 | Crear | Villager (Male) |
| 24:41 | Crear | Villager (Male) |
| 25:02 | Crear | Knight |
| 25:03 | Crear | Knight |
| 25:17 | Crear | Villager (Male) |
| 25:17 | Crear | Villager (Male) |
| 25:29 | Crear | Villager (Male) |
| 25:29 | Crear | Villager (Male) |
| 25:43 | Construir | Mill |
| 25:49 | Construir | Farm |
| 25:50 | Construir | Farm |
| 25:52 | Construir | Farm |
| 25:53 | Construir | Farm |
| 26:01 | Investigar | Forging |
| 26:20 | Crear | Villager (Male) |
| 26:20 | Crear | Villager (Male) |
| 26:20 | Crear | Villager (Male) |
| 26:40 | Construir | Farm |
| 26:44 | Investigar | Bow Saw |
| 26:59 | Investigar | Chain Barding Armor |
| 27:10 | Crear | Villager (Male) |
| 27:10 | Crear | Villager (Male) |
| 27:10 | Crear | Villager (Male) |
| 27:11 | Crear | Villager (Male) |
| 27:11 | Crear | Villager (Male) |
| 27:26 | Construir | Farm |
| 27:28 | Construir | Farm |
| 27:31 | Construir | Farm |
| 27:32 | Construir | Farm |
| 28:26 | Crear | Knight |
| 28:27 | Crear | Knight |
| 28:27 | Crear | Knight |
| 28:27 | Crear | Knight |
Build order — Rwy n CrazY
Primeras 150 de 315 acciones detectadas
| 0:00 | Crear | Villager (Male) |
| 0:00 | Crear | Villager (Male) |
| 0:01 | Crear | Villager (Male) |
| 0:01 | Crear | Villager (Male) |
| 0:02 | Construir | House |
| 0:03 | Construir | House |
| 1:20 | Crear | Villager (Male) |
| 1:45 | Construir | Lumber Camp |
| 1:47 | Crear | Villager (Male) |
| 1:57 | Crear | Villager (Male) |
| 2:22 | Crear | Villager (Male) |
| 2:47 | Crear | Villager (Male) |
| 3:12 | Crear | Villager (Male) |
| 3:28 | Construir | Mill |
| 3:32 | Crear | Villager (Male) |
| 3:56 | Crear | Villager (Male) |
| 4:35 | Crear | Villager (Male) |
| 4:42 | Construir | House |
| 4:43 | Investigar | Loom |
| 4:45 | Investigar | Loom |
| 4:46 | Crear | Villager (Male) |
| 4:46 | Crear | Villager (Male) |
| 4:46 | Crear | Villager (Male) |
| 4:59 | Crear | Villager (Male) |
| 4:59 | Crear | Villager (Male) |
| 5:11 | Crear | Villager (Male) |
| 5:11 | Crear | Villager (Male) |
| 5:22 | Crear | Villager (Male) |
| 5:22 | Crear | Villager (Male) |
| 5:37 | Construir | Mill |
| 6:10 | Construir | House |
| 7:07 | Crear | Villager (Male) |
| 7:08 | Crear | Villager (Male) |
| 7:17 | Construir | Mining Camp |
| 8:03 | Crear | Villager (Male) |
| 8:08 | Construir | Mining Camp |
| 8:26 | Investigar | Feudal Age |
| 8:57 | Crear | Villager (Male) |
| 8:58 | Crear | Villager (Male) |
| 9:25 | Construir | House |
| 11:05 | Edad | Edad Feudal |
| 11:09 | Construir | Market |
| 11:15 | Construir | Blacksmith |
| 12:04 | Investigar | Castle Age |
| 12:42 | Construir | House |
| 12:43 | Construir | House |
| 12:58 | Investigar | Double-Bit Axe |
| 14:00 | Investigar | Horse Collar |
| 14:09 | Construir | House |
| 14:44 | Edad | Edad de los Castillos |
| 14:45 | Construir | Town Center |
| 14:50 | Investigar | Bow Saw |
| 15:02 | Crear | Villager (Male) |
| 15:02 | Crear | Villager (Male) |
| 15:32 | Construir | Farm |
| 15:37 | Construir | Farm |
| 15:41 | Construir | Farm |
| 15:51 | Construir | Farm |
| 15:55 | Construir | Farm |
| 16:10 | Construir | Farm |
| 16:17 | Construir | Farm |
| 16:28 | Construir | Castle |
| 16:33 | Construir | House |
| 16:41 | Construir | Farm |
| 16:44 | Construir | Farm |
| 16:47 | Crear | Villager (Male) |
| 16:55 | Construir | Farm |
| 17:12 | Crear | Villager (Male) |
| 17:16 | Construir | Farm |
| 17:31 | Crear | Villager (Male) |
| 17:47 | Construir | Farm |
| 17:48 | Crear | Villager (Male) |
| 17:57 | Crear | Villager (Male) |
| 18:00 | Construir | Farm |
| 18:02 | Crear | Longbowman |
| 18:02 | Crear | Longbowman |
| 18:02 | Crear | Longbowman |
| 18:18 | Crear | Villager (Male) |
| 18:25 | Crear | Villager (Male) |
| 18:26 | Crear | Longbowman |
| 18:26 | Crear | Longbowman |
| 18:42 | Construir | Farm |
| 18:42 | Crear | Villager (Male) |
| 19:04 | Crear | Villager (Male) |
| 19:05 | Crear | Villager (Male) |
| 19:05 | Crear | Villager (Male) |
| 19:13 | Construir | House |
| 19:14 | Construir | House |
| 19:14 | Construir | House |
| 19:14 | Construir | House |
| 19:16 | Construir | House |
| 19:17 | Construir | House |
| 19:20 | Crear | Villager (Male) |
| 19:24 | Crear | Villager (Male) |
| 19:37 | Crear | Villager (Male) |
| 19:48 | Construir | University |
| 19:50 | Crear | Villager (Male) |
| 20:06 | Crear | Villager (Male) |
| 20:10 | Construir | Farm |
| 20:13 | Construir | Farm |
| 20:16 | Construir | Farm |
| 20:17 | Crear | Villager (Male) |
| 20:17 | Crear | Villager (Male) |
| 20:20 | Crear | Villager (Male) |
| 20:34 | Crear | Villager (Male) |
| 20:39 | Crear | Longbowman |
| 20:39 | Crear | Longbowman |
| 20:53 | Crear | Villager (Male) |
| 20:54 | Crear | Villager (Male) |
| 20:55 | Construir | Farm |
| 20:57 | Construir | Farm |
| 21:06 | Crear | Villager (Male) |
| 21:09 | Crear | Villager (Male) |
| 21:11 | Crear | Longbowman |
| 21:11 | Crear | Longbowman |
| 21:27 | Investigar | Gold Mining |
| 21:29 | Crear | Longbowman |
| 21:41 | Construir | Farm |
| 21:46 | Construir | Farm |
| 21:47 | Crear | Villager (Male) |
| 21:48 | Crear | Villager (Male) |
| 21:52 | Crear | Villager (Male) |
| 22:01 | Construir | Farm |
| 22:11 | Crear | Petard |
| 22:13 | Crear | Petard |
| 22:26 | Crear | Villager (Male) |
| 22:31 | Construir | Lumber Camp |
| 22:49 | Crear | Longbowman |
| 22:50 | Crear | Longbowman |
| 22:51 | Investigar | Fletching |
| 22:51 | Investigar | Fletching |
| 22:51 | Investigar | Fletching |
| 23:33 | Investigar | Bodkin Arrow |
| 23:33 | Investigar | Bodkin Arrow |
| 23:41 | Crear | Villager (Male) |
| 23:42 | Crear | Villager (Male) |
| 23:52 | Investigar | Ballistics |
| 24:02 | Crear | Longbowman |
| 24:02 | Crear | Longbowman |
| 24:04 | Crear | Villager (Male) |
| 24:04 | Crear | Villager (Male) |
| 24:51 | Crear | Longbowman |
| 24:52 | Crear | Longbowman |
| 24:52 | Crear | Villager (Male) |
| 24:53 | Crear | Villager (Male) |
| 24:53 | Crear | Villager (Male) |
| 24:53 | Crear | Villager (Male) |
| 24:58 | Crear | Villager (Male) |
| 25:49 | Investigar | Padded Archer Armor |
| 25:49 | Investigar | Padded Archer Armor |
Build order — Aliasing
Primeras 150 de 259 acciones detectadas
| 0:24 | Crear | Villager (Male) |
| 0:24 | Crear | Villager (Male) |
| 1:11 | Construir | House |
| 1:13 | Construir | House |
| 1:14 | Construir | House |
| 1:44 | Crear | Villager (Male) |
| 1:46 | Crear | Villager (Male) |
| 2:11 | Construir | Mill |
| 2:28 | Crear | Villager (Male) |
| 2:29 | Crear | Villager (Male) |
| 4:01 | Crear | Villager (Male) |
| 4:01 | Crear | Villager (Male) |
| 4:48 | Construir | Lumber Camp |
| 5:07 | Crear | Villager (Male) |
| 5:07 | Crear | Villager (Male) |
| 5:56 | Crear | Villager (Male) |
| 5:57 | Crear | Villager (Male) |
| 6:24 | Crear | Villager (Male) |
| 6:51 | Construir | Mining Camp |
| 7:44 | Crear | Villager (Male) |
| 7:45 | Crear | Villager (Male) |
| 8:45 | Construir | Farm |
| 8:46 | Construir | Farm |
| 8:47 | Construir | Farm |
| 8:49 | Construir | Farm |
| 8:51 | Construir | Farm |
| 8:52 | Construir | Farm |
| 8:54 | Construir | Farm |
| 8:57 | Construir | Farm |
| 9:15 | Crear | Villager (Male) |
| 9:57 | Crear | Villager (Male) |
| 9:57 | Crear | Villager (Male) |
| 10:23 | Crear | Villager (Male) |
| 10:31 | Construir | House |
| 10:33 | Construir | House |
| 10:36 | Construir | House |
| 10:40 | Construir | House |
| 10:47 | Crear | Villager (Male) |
| 11:06 | Crear | Villager (Male) |
| 11:36 | Construir | Farm |
| 11:58 | Construir | Farm |
| 12:23 | Construir | Farm |
| 12:32 | Crear | Villager (Male) |
| 12:48 | Construir | House |
| 12:49 | Construir | House |
| 12:50 | Construir | House |
| 12:56 | Construir | House |
| 13:06 | Construir | Farm |
| 13:16 | Construir | Farm |
| 13:36 | Investigar | Feudal Age |
| 15:39 | Construir | Farm |
| 15:46 | Edad | Edad Feudal |
| 15:50 | Construir | Farm |
| 15:56 | Crear | Villager (Male) |
| 15:56 | Crear | Villager (Male) |
| 15:58 | Investigar | Wheelbarrow |
| 16:07 | Crear | Villager (Male) |
| 16:08 | Crear | Villager (Male) |
| 16:10 | Crear | Villager (Male) |
| 16:45 | Construir | Mining Camp |
| 17:07 | Construir | Mining Camp |
| 17:13 | Investigar | Horse Collar |
| 17:23 | Crear | Villager (Male) |
| 17:29 | Investigar | Double-Bit Axe |
| 17:34 | Investigar | Stone Mining |
| 17:35 | Investigar | Gold Mining |
| 18:13 | Crear | Villager (Male) |
| 18:15 | Crear | Villager (Male) |
| 18:15 | Crear | Villager (Male) |
| 18:15 | Crear | Villager (Male) |
| 19:57 | Crear | Villager (Male) |
| 19:58 | Crear | Villager (Male) |
| 21:10 | Construir | Market |
| 21:54 | Crear | Villager (Male) |
| 21:55 | Crear | Villager (Male) |
| 21:55 | Crear | Villager (Male) |
| 21:55 | Crear | Villager (Male) |
| 22:13 | Construir | Blacksmith |
| 22:39 | Construir | Watch Tower |
| 22:41 | Construir | Watch Tower |
| 22:42 | Construir | Watch Tower |
| 22:45 | Construir | Watch Tower |
| 22:47 | Construir | Watch Tower |
| 23:06 | Crear | Trade Cart |
| 23:07 | Crear | Trade Cart |
| 23:07 | Crear | Trade Cart |
| 23:45 | Crear | Villager (Male) |
| 23:45 | Crear | Villager (Male) |
| 23:50 | Crear | Villager (Male) |
| 23:50 | Crear | Villager (Male) |
| 23:50 | Crear | Villager (Male) |
| 23:50 | Crear | Villager (Male) |
| 23:52 | Crear | Villager (Male) |
| 23:52 | Crear | Villager (Male) |
| 24:13 | Investigar | Scale Mail Armor |
| 24:14 | Investigar | Forging |
| 24:15 | Investigar | Fletching |
| 24:15 | Investigar | Padded Archer Armor |
| 24:16 | Investigar | Scale Barding Armor |
| 24:36 | Investigar | Castle Age |
| 24:43 | Crear | Villager (Male) |
| 24:44 | Crear | Villager (Male) |
| 24:44 | Crear | Villager (Male) |
| 24:44 | Crear | Villager (Male) |
| 24:46 | Crear | Villager (Male) |
| 24:46 | Crear | Villager (Male) |
| 24:46 | Crear | Villager (Male) |
| 25:11 | Crear | Trade Cart |
| 25:12 | Crear | Trade Cart |
| 26:37 | Construir | Watch Tower |
| 26:40 | Construir | Watch Tower |
| 27:10 | Crear | Trade Cart |
| 27:11 | Crear | Trade Cart |
| 27:46 | Edad | Edad de los Castillos |
| 27:54 | Investigar | Hand Cart |
| 28:28 | Construir | House |
| 28:30 | Construir | House |
| 28:31 | Construir | House |
| 28:32 | Construir | House |
| 28:35 | Construir | House |
| 28:37 | Construir | House |
| 28:45 | Investigar | Caravan |
| 28:52 | Crear | Trade Cart |
| 28:53 | Crear | Trade Cart |
| 29:14 | Construir | Mining Camp |
| 31:23 | Investigar | Stone Shaft Mining |
| 31:35 | Crear | Villager (Male) |
| 31:35 | Crear | Villager (Male) |
| 31:35 | Crear | Villager (Male) |
| 31:36 | Crear | Villager (Male) |
| 31:37 | Crear | Villager (Male) |
| 32:00 | Crear | Trade Cart |
| 32:00 | Crear | Trade Cart |
| 32:07 | Investigar | Coinage |
| 32:22 | Crear | Villager (Male) |
| 32:22 | Crear | Villager (Male) |
| 32:22 | Crear | Villager (Male) |
| 32:22 | Crear | Villager (Male) |
| 32:23 | Crear | Villager (Male) |
| 32:35 | Construir | House |
| 32:39 | Construir | House |
| 32:40 | Construir | House |
| 32:41 | Construir | House |
| 32:43 | Construir | House |
| 32:45 | Construir | House |
| 33:34 | Construir | Watch Tower |
| 33:37 | Construir | Watch Tower |
| 33:38 | Construir | Watch Tower |
| 33:40 | Construir | Watch Tower |
| 33:42 | Construir | Watch Tower |
Build order — potter
Primeras 150 de 366 acciones detectadas
| 0:02 | Crear | Villager (Male) |
| 0:02 | Crear | Villager (Male) |
| 0:02 | Crear | Villager (Male) |
| 0:04 | Construir | House |
| 0:07 | Construir | House |
| 0:27 | Crear | Villager (Male) |
| 0:27 | Crear | Villager (Male) |
| 1:26 | Crear | Villager (Male) |
| 1:43 | Construir | Lumber Camp |
| 2:17 | Crear | Villager (Male) |
| 2:27 | Crear | Villager (Male) |
| 3:10 | Crear | Villager (Male) |
| 3:23 | Construir | House |
| 3:26 | Construir | House |
| 3:27 | Crear | Villager (Male) |
| 4:05 | Construir | Mill |
| 4:14 | Crear | Villager (Male) |
| 4:40 | Crear | Villager (Male) |
| 4:40 | Crear | Villager (Male) |
| 5:17 | Crear | Villager (Male) |
| 5:17 | Crear | Villager (Male) |
| 5:52 | Crear | Villager (Male) |
| 5:52 | Crear | Villager (Male) |
| 6:07 | Crear | Villager (Male) |
| 6:22 | Crear | Villager (Male) |
| 6:45 | Construir | Mill |
| 7:13 | Crear | Villager (Male) |
| 7:46 | Construir | Mining Camp |
| 8:31 | Crear | Villager (Male) |
| 9:08 | Investigar | Feudal Age |
| 9:29 | Crear | Villager (Male) |
| 9:29 | Crear | Villager (Male) |
| 9:44 | Construir | Barracks |
| 9:46 | Construir | House |
| 11:12 | Edad | Edad Feudal |
| 11:16 | Construir | Blacksmith |
| 11:21 | Construir | Stable |
| 12:13 | Investigar | Castle Age |
| 12:19 | Investigar | Double-Bit Axe |
| 12:31 | Investigar | Horse Collar |
| 12:37 | Construir | Farm |
| 12:37 | Construir | Farm |
| 12:37 | Construir | Farm |
| 12:48 | Construir | Farm |
| 13:02 | Construir | Farm |
| 14:39 | Edad | Edad de los Castillos |
| 14:42 | Construir | Town Center |
| 14:43 | Crear | Villager (Male) |
| 14:48 | Construir | Town Center |
| 14:50 | Crear | Villager (Male) |
| 15:28 | Crear | Villager (Male) |
| 15:28 | Crear | Villager (Male) |
| 15:47 | Crear | Villager (Male) |
| 15:53 | Construir | Farm |
| 15:53 | Construir | Farm |
| 15:54 | Construir | Farm |
| 15:54 | Construir | Farm |
| 16:00 | Construir | Farm |
| 16:14 | Crear | Villager (Male) |
| 16:15 | Crear | Villager (Male) |
| 16:29 | Construir | Farm |
| 16:36 | Construir | Farm |
| 16:41 | Construir | Farm |
| 16:44 | Crear | Villager (Male) |
| 16:44 | Crear | Villager (Male) |
| 16:47 | Construir | Farm |
| 16:52 | Construir | Farm |
| 16:57 | Construir | Farm |
| 17:00 | Crear | Villager (Male) |
| 17:08 | Construir | Farm |
| 17:15 | Construir | House |
| 17:17 | Crear | Villager (Male) |
| 17:28 | Crear | Villager (Male) |
| 17:31 | Construir | Farm |
| 17:35 | Crear | Villager (Male) |
| 17:42 | Construir | Farm |
| 17:43 | Crear | Villager (Male) |
| 17:46 | Construir | Farm |
| 17:50 | Construir | Farm |
| 17:56 | Construir | Farm |
| 17:57 | Crear | Villager (Male) |
| 18:02 | Construir | Farm |
| 18:03 | Crear | Villager (Male) |
| 18:08 | Construir | House |
| 18:16 | Crear | Villager (Male) |
| 18:37 | Crear | Villager (Male) |
| 18:37 | Crear | Villager (Male) |
| 18:38 | Crear | Villager (Male) |
| 18:44 | Construir | House |
| 18:47 | Crear | Villager (Male) |
| 18:56 | Crear | Villager (Male) |
| 19:02 | Crear | Villager (Male) |
| 19:05 | Crear | Villager (Male) |
| 19:10 | Construir | Mining Camp |
| 19:14 | Crear | Villager (Male) |
| 19:20 | Crear | Villager (Male) |
| 19:51 | Crear | Villager (Male) |
| 19:52 | Crear | Villager (Male) |
| 19:52 | Crear | Villager (Male) |
| 19:52 | Crear | Villager (Male) |
| 19:56 | Crear | Villager (Male) |
| 20:04 | Construir | Farm |
| 20:04 | Construir | Farm |
| 20:04 | Construir | Farm |
| 20:05 | Crear | Villager (Male) |
| 20:06 | Crear | Villager (Male) |
| 20:18 | Construir | House |
| 20:20 | Construir | House |
| 20:28 | Investigar | Wheelbarrow |
| 20:33 | Construir | Farm |
| 20:34 | Construir | Farm |
| 20:34 | Construir | Farm |
| 20:34 | Construir | Farm |
| 20:35 | Construir | Farm |
| 20:36 | Crear | Villager (Male) |
| 20:41 | Crear | Villager (Male) |
| 20:49 | Construir | Farm |
| 20:50 | Construir | Farm |
| 20:51 | Crear | Villager (Male) |
| 20:55 | Construir | Farm |
| 21:01 | Investigar | Heavy Plow |
| 21:25 | Investigar | Bow Saw |
| 21:27 | Crear | Villager (Male) |
| 21:32 | Construir | Farm |
| 21:33 | Crear | Villager (Male) |
| 21:37 | Construir | House |
| 21:38 | Construir | House |
| 21:40 | Construir | House |
| 21:45 | Crear | Villager (Male) |
| 21:54 | Investigar | Loom |
| 21:55 | Crear | Villager (Male) |
| 21:56 | Crear | Villager (Male) |
| 22:01 | Construir | Farm |
| 22:01 | Construir | Farm |
| 22:02 | Construir | Farm |
| 22:02 | Construir | Farm |
| 22:02 | Construir | Farm |
| 22:05 | Construir | Farm |
| 22:05 | Construir | Farm |
| 22:05 | Construir | Farm |
| 22:06 | Construir | Farm |
| 22:12 | Crear | Villager (Male) |
| 22:12 | Crear | Villager (Male) |
| 22:12 | Crear | Villager (Male) |
| 22:13 | Crear | Villager (Male) |
| 22:17 | Construir | Farm |
| 22:22 | Crear | Villager (Male) |
| 22:22 | Crear | Villager (Male) |
| 22:32 | Crear | Villager (Male) |
| 22:40 | Crear | Villager (Male) |
Cronología de la partida
| 9:44 | potter · first_building Barracks |
| 11:00 | gou.sylvain · first_building Barracks |
| 11:05 | Rwy n CrazY · age_up feudal |
| 11:12 | potter · age_up feudal |
| 11:21 | potter · first_building Stable |
| 11:27 | tobiasblom1997 · age_up feudal |
| 11:44 | Frost3106 · age_up feudal |
| 12:08 | Charles_Martel · age_up feudal |
| 12:24 | TheHatefulN8 · age_up feudal |
| 13:21 | TheHatefulN8 · first_market_buy 100 food |
| 13:23 | gou.sylvain · age_up feudal |
| 13:25 | TheHatefulN8 · first_market_sell 100 wood |
| 14:01 | gou.sylvain · first_building Stable |
| 14:39 | potter · age_up castle |
| 14:44 | Rwy n CrazY · age_up castle |
| 14:57 | Charles_Martel · first_building Barracks |
| 15:00 | Rwy n CrazY · first_market_sell 100 wood |
| 15:01 | Rwy n CrazY · first_market_buy 100 food |
| 15:06 | TheHatefulN8 · first_building Barracks |
| 15:46 | Aliasing · age_up feudal |
| 16:00 | Charles_Martel · first_building Stable |
| 16:05 | tobiasblom1997 · age_up castle |
| 16:07 | TheHatefulN8 · age_up castle |
| 16:20 | TheHatefulN8 · first_building Castle |
| 16:22 | Charles_Martel · age_up castle |
| 16:28 | Rwy n CrazY · first_building Castle |
| 16:59 | tobiasblom1997 · first_market_sell 100 wood |
| 17:34 | gou.sylvain · age_up castle |
| 17:38 | tobiasblom1997 · first_building Castle |
| 17:45 | gou.sylvain · first_building Castle |
| 18:09 | tobiasblom1997 · first_market_buy 100 stone |
| 19:11 | Frost3106 · age_up castle |
| 20:02 | Charles_Martel · wall_segment Stone Wall x1 |
| 20:35 | Charles_Martel · first_market_buy 100 stone |
| 21:50 | TheHatefulN8 · first_building Monastery |
| 21:57 | TheHatefulN8 · first_building Siege Workshop |
| 23:13 | Frost3106 · first_building Castle |
| 23:35 | potter · first_building Monastery |
| 24:00 | TheHatefulN8 · first_building Stable |
| 24:48 | Frost3106 · first_building Monastery |
| 25:19 | TheHatefulN8 · first_building Archery Range |
| 26:42 | gou.sylvain · first_building Archery Range |
| 26:56 | Charles_Martel · first_market_sell 100 wood |
| 26:58 | potter · first_building Castle |
| 27:38 | gou.sylvain · wall_segment Stone Wall x1 |
| 27:46 | Aliasing · age_up castle |
| 28:55 | Charles_Martel · first_building Castle |
| 29:53 | Rwy n CrazY · age_up imperial |
| 29:55 | potter · age_up imperial |
| 30:20 | Aliasing · tribute_sent a jugador 1 |
| 30:20 | Aliasing · tribute_sent a jugador 2 |
| 30:20 | Aliasing · tribute_sent a jugador 3 |
| 30:20 | Aliasing · tribute_sent a jugador 4 |
| 30:20 | Aliasing · tribute_sent a jugador 5 |
| 30:20 | Aliasing · tribute_sent a jugador 7 |
| 30:20 | Aliasing · tribute_sent a jugador 8 |
| 31:12 | TheHatefulN8 · age_up imperial |
| 31:47 | tobiasblom1997 · first_building Barracks |
| 31:51 | Frost3106 · first_building Siege Workshop |
| 31:53 | Rwy n CrazY · first_building Barracks |
| 33:28 | tobiasblom1997 · first_building Stable |
| 33:44 | Frost3106 · age_up imperial |
| 33:45 | tobiasblom1997 · age_up imperial |
| 33:55 | Charles_Martel · age_up imperial |
| 34:31 | Frost3106 · first_market_sell 500 wood |
| 34:39 | gou.sylvain · first_building Siege Workshop |
| 35:53 | Aliasing · first_building Castle |
| 36:17 | Aliasing · first_market_buy 100 stone |
| 37:43 | Charles_Martel · resign |
| 42:12 | Aliasing · age_up imperial |
| 45:32 | Frost3106 · wall_segment Stone Wall x6 |
[ ANÁLISIS IA · 1 CRÉDITO ]
¿Qué pasó realmente en esta partida?
Wolo.gg analiza cada decisión: build order, eco, micro, errores típicos por bracket. Análisis personalizado por WhatsApp o Discord en 30 segundos.
Guía civ
Britanos
Guía mapa
Arena
Perfil
Jugador #3691153